Map: Submarine LE

Players

Massa

  • Race: Terran Terran
  • League: Platinum
  • Spawn Location: 11:00

Nide - Winner!

  • Race: Zerg Zerg
  • League: Platinum
  • Spawn Location: 5:00

VOD

Have the link to the VOD?

Description

Time

  • Played on: Jan. 15, 2021, 6:01 p.m.
  • Length: 18:25
Show
View Real Time Build Order
Export as new Build Order

Massa Terran 

Build Orders: Reaper Expand 

Get SALT Encoding   

  12  0:01  SCV  
  13  0:13  SCV  
  14  0:20  Supply Depot  
  14  0:25  SCV  
  15  0:41  SCV  
  15  0:42  Barracks  
  16  0:52  Refinery  
  16  0:53  SCV  
  17  1:05  SCV  
  18  1:44  Command Center  
  18  1:52  Orbital Command  
  18  1:56  Reaper  
  19  2:22  SCV  
  20  2:28  Marine  
  21  2:32  Supply Depot  
  21  2:45  Barracks  
  21  2:59  Marine  
  21  3:05  Orbital Command  
  22  3:12  Command Center  
  22  3:24  Barracks Tech Lab  
  22  3:27  SCV  
  23  3:33  Factory  
  23  3:35  Barracks Reactor  
  23  3:41  SCV x2  
  25  3:53  SCV x2  
  25  3:54  Engineering Bay  
  27  3:56  Refinery  
  27  3:57  Supply Depot  
  27  4:01  Supply Depot  
  27  4:05  SCV  
  27  4:06  Factory  
  28  4:31  SCV x3  
  31  4:41  Starport  
  31  4:45  Starport  
  31  4:46  Refinery  
  31  4:47  Refinery  
  31  4:51  Hellion  
  31  4:52  Hellion  
  32  5:27  Terran Infantry Weapons Level 1  
  32  5:36  SCV x3  
  35  5:46  Starport Tech Lab  
  35  5:48  SCV x2  
  35  5:49  SCV  
  40  5:50  Widow Mine x2  
  40  5:56  Marine x2  
  44  5:57  Marine  
  44  6:00  SCV  
  45  6:14  Marine x2  
  45  6:15  Marine  
  44  6:28  Factory Tech Lab, Factory Reactor  
  44  6:30  Banshee, SCV x2  
  44  6:31  Starport Tech Lab  
  50  6:33  Marine  
  50  6:36  Missile Turret  
  50  6:39  Armory  
  50  6:56  Barracks Tech Lab  
  46  7:03  Siege Tank  
  49  7:15  Supply Depot  
  49  7:16  Barracks Reactor, Supply Depot  
  49  7:18  Supply Depot  
  47  7:32  Banshee x2  
  47  7:35  Siege Tank  
  47  7:36  SCV x3  
  59  7:48  Stimpack  
  59  8:12  SCV x2  
  62  8:15  Infernal Pre-Igniter, Banshee  
  64  8:24  Cloaking Field  
  64  8:26  Medivac  
  66  8:27  Hellion x2  
  66  8:28  Hellion  
  72  8:38  SCV x2  
  72  8:39  SCV  
  75  8:49  Hellion x3  
  75  8:50  SCV x2  
  83  8:56  Medivac  
  85  9:09  Supply Depot  
  85  9:15  Supply Depot x2  
  85  9:16  Supply Depot  
  85  9:17  Supply Depot  
  85  9:19  Planetary Fortress  
  85  9:31  Hellion, SCV x2  
  89  9:32  Supply Depot  
  89  9:38  Missile Turret  
  89  9:41  Missile Turret  
  89  9:42  Missile Turret  
  89  9:43  SCV x2  
  89  9:44  Missile Turret  
  91  9:55  SCV x2  
  91  9:56  Supply Depot  
  91  9:59  Hellion x3  
  99  10:02  Missile Turret  
  99  10:07  SCV  
  99  10:09  Missile Turret  
  100  10:21  Hellion x3  
  97  10:30  Viking x2  
  101  10:42  Hellion x2  
  105  10:47  SCV x3  
  105  10:51  Refinery  
  105  10:58  Missile Turret  
  105  10:59  Missile Turret, SCV  
  105  11:00  Viking, Missile Turret  
  105  11:03  Missile Turret  
  105  11:04  Terran Infantry Weapons Level 2  
  108  11:05  Missile Turret x2  
  108  11:08  Missile Turret  
  108  11:10  Terran Vehicle Weapons Level 1  
  108  11:11  Engineering Bay  
  108  11:13  Medivac  
  110  11:25  Missile Turret x2  
  110  11:30  Medivac, Refinery  
  110  11:31  Command Center  
  112  11:43  Medivac  
  114  11:57  Combat Shield  
  83  12:38  Marine x2, Marauder  
  87  12:47  Barracks  
  87  12:48  Barracks  
  87  12:50  Barracks  
  87  12:51  Medivac x2  
  87  12:55  Widow Mine x3  
  87  12:56  Marine x2  
  99  12:59  Marauder  
  99  13:00  SCV x3  
  104  13:12  SCV x2  
  106  13:14  Marine x2  
  106  13:16  Widow Mine x3  
  114  13:20  Marine  
  114  13:21  Missile Turret  
  114  13:26  Drilling Claws  
  115  13:32  Marine x2  
  116  13:38  Siege Tank  
  116  13:40  Planetary Fortress  
  110  14:10  Siege Tank  
  96  14:26  Marine x2, Marauder  
  96  14:30  Barracks Reactor, Barracks Tech Lab x2  
  100  14:43  Marine  
  100  14:44  Marine, Smart Servos  
  102  14:47  Marauder  
  104  15:01  Marine x2  
  100  15:08  Marauder  
  100  15:13  Marine  
  100  15:14  Marine x3  
  103  15:18  Terran Infantry Armor Level 1, Terran Infantry Weapons Level 3  
  103  15:19  Marine x2  
  105  15:25  Sensor Tower  
  105  15:30  Marauder  
  105  15:31  Marine  
  105  15:32  Marine x3  
  111  15:37  Marine x2, Widow Mine x3  
  119  15:49  Marine x4  
  110  15:51  Marauder  
  110  15:55  Marine x2  
  108  15:59  Widow Mine x2  
  112  16:06  Marine  
  112  16:07  Marine x3  
  116  16:12  Marine x2  
  116  16:13  Marine, Missile Turret  
  118  16:20  Missile Turret  
  118  16:23  Missile Turret  
  118  16:24  Marine  
  118  16:25  Marine x3  
  121  16:30  Marine  
  122  16:43  Marauder x2  
  125  16:57  Command Center  
  125  17:10  Supply Depot  
  125  17:12  Supply Depot x2  
  125  17:13  Widow Mine  
  125  17:14  Widow Mine  
  126  17:15  Supply Depot  
  126  17:18  Supply Depot  
  126  17:27  Widow Mine  
  110  17:35  Widow Mine  
  110  17:36  Widow Mine, Supply Depot  
  80  17:39  Supply Depot  
  80  17:40  Marine, Supply Depot, Marauder x2  
  80  17:41  Marine x3, Marauder  
  80  17:43  Supply Depot  
  69  17:49  Widow Mine, Supply Depot  
  68  17:56  Widow Mine  
  68  17:57  Widow Mine  
  69  17:58  Marine  
  69  17:59  Marine x3, Missile Turret  
  69  18:01  Marauder  
  69  18:02  Marauder x2  
  79  18:19  Missile Turret  
  87  18:23  Command Center  
Show
View Real Time Build Order
Export as new Build Order

Nide Zerg - Winner!

Build Orders: Hatch First, Muta Ling Bane, Swarm Host 

Get SALT Encoding   

  12  0:00  Drone  
  13  0:13  Overlord  
  13  0:16  Drone  
  14  0:32  Drone x2  
  16  0:37  Drone  
  17  0:52  Hatchery  
  17  0:55  Drone  
  17  0:58  Extractor  
  17  1:00  Drone  
  17  1:07  Drone  
  18  1:18  Spawning Pool  
  17  1:22  Drone  
  18  1:31  Drone  
  19  1:53  Drone x2  
  20  2:06  Extractor  
  20  2:13  Extractor  
  20  2:19  Extractor  
  20  2:20  Zergling x6  
  20  2:21  Zergling x2  
  23  2:25  Queen x2  
  23  2:27  Drone  
  23  2:28  Overlord  
  28  2:37  Extractor  
  28  3:09  Queen  
  32  3:14  Lair  
  30  3:23  Hatchery  
  29  3:29  Roach Warren, Drone  
  29  3:30  Drone x5  
  34  3:36  Metabolic Boost  
  34  3:56  Drone x2  
  34  3:57  Overlord x2  
  36  4:27  Drone  
  36  4:28  Drone x8  
  45  4:37  Overseer  
  45  4:42  Queen  
  45  4:45  Roach x2  
  50  5:15  Ravager x2  
  50  5:18  Pneumatized Carapace  
  52  5:23  Roach x2  
  52  5:25  Drone  
  52  5:27  Overlord  
  52  5:28  Overlord x2, Extractor  
  56  5:30  Extractor  
  56  5:35  Baneling Nest  
  51  6:26  Drone  
  51  6:27  Drone x10  
  62  6:34  Centrifical Hooks  
  62  6:44  Hatchery  
  61  7:07  Overlord  
  61  7:08  Drone x8  
  67  7:23  Spore Crawler  
  67  7:24  Queen x2, Spore Crawler x3  
  67  7:25  Queen  
  67  7:29  Spore Crawler x3  
  65  7:30  Spore Crawler  
  65  7:34  Drone x4  
  65  7:35  Spire, Drone x2, Extractor  
  68  7:40  Spore Crawler  
  68  7:41  Spore Crawler x2  
  68  7:42  Drone x5  
  68  7:44  Spore Crawler  
  69  7:47  Ravager  
  62  8:16  Overlord  
  62  8:17  Overseer  
  62  8:27  Zergling x20  
  62  8:28  Zergling x16  
  80  8:36  Overseer  
  80  8:38  Overseer  
  80  8:45  Extractor  
  80  8:46  Extractor  
  80  8:48  Baneling x13  
  78  8:49  Baneling x2  
  78  8:53  Overlord  
  78  8:54  Overlord x2  
  78  8:55  Zerg Flyer Weapons Level 1  
  78  8:58  Mutalisk  
  80  9:13  Overseer  
  80  9:19  Zergling x2  
  80  9:23  Burrow  
  81  9:44  Drone x16  
  81  9:45  Evolution Chamber, Infestation Pit  
  95  9:47  Evolution Chamber  
  95  9:49  Drone  
  95  9:50  Evolution Chamber, Drone x7  
  101  9:57  Mutalisk x3  
  106  10:02  Overseer  
  106  10:08  Spore Crawler  
  106  10:10  Extractor  
  106  10:11  Extractor  
  103  10:21  Spore Crawler  
  102  10:51  Roach x5  
  102  10:56  Hive  
  112  10:57  Zerg Ground Armor Level 1  
  112  10:58  Zerg Missile Weapons Level 1, Zerg Melee Weapons Level 1  
  112  11:00  Overlord x3  
  112  11:01  Overlord x3  
  112  11:25  Overseer  
  112  11:30  Zergling x2  
  113  11:47  Glial Reconstitution  
  113  11:55  Nydus Network  
  113  11:58  Infestor  
  113  11:59  Infestor x2  
  118  12:02  Pathogen Glands  
  101  12:36  Zergling x34  
  118  12:38  Mutalisk x14  
  118  12:39  Mutalisk x2  
  149  13:00  Swarm Host x3  
  149  13:02  Overlord x6  
  158  13:12  Nydus Canal  
  158  13:14  Baneling x5  
  158  13:15  Baneling x11  
  158  13:39  Nydus Canal  
  158  13:41  Hatchery, Extractor  
  158  13:44  Swarm Host x12, Extractor  
  191  13:54  Hydralisk Den  
  187  14:15  Nydus Canal  
  187  14:46  Zerg Missile Weapons Level 2  
  187  14:47  Zerg Ground Armor Level 2, Zerg Melee Weapons Level 2  
  187  14:49  Grooved Spines  
  183  15:38  Adrenal Glands  
  177  16:19  Hydralisk x8  
  177  16:20  Hydralisk x3  
  199  16:28  Lurker Den  
  199  16:32  Spore Crawler  
  191  16:33  Spore Crawler  
  188  16:45  Baneling x7  
  188  16:53  Zergling x18  
  197  17:06  Overseer x2  
  197  17:07  Overseer  
  197  17:08  Hydralisk  
Tags
 
Add a new tag
Caveats
  • Supply blocks, unpowered buildings, or Contaminate may cause inaccurate times.
  • Supply counts are checked every 10 seconds.